AoeStats
← PsykotiK Cookie

Socotra

506363537Analyzed
2v2 RM · 19d ago on Sep 13, 2026· 42m 21s· 4 players
Game mode
Random Map
Map size
Tiny (2 player)
Population
200
Speed
Normal
Resources
Standard
Victory
Conquest
Starting age
Dark Age
Ending age
Imperial Age
RankedLock teamsTeams togetherTeam positionsShared explorationLock speedFull tech treeHidden civsTurbo modeCheats
Victory
Defeat
🇦🇷 Romans · Argentina
556
+18
🇪🇸 Britons · Spain
444
+22
🇦🇷 Malay · Argentina
657
-23
🇫🇷 Franks · France
513
-17
P4VO 5656
11:46 Feudal Age
12:26 Man-at-Arms
15:48 Scale Mail Armor
24:57 Castle Age
23:27 Forging
25:16 Long Swordsman
26:41 Squires
31:57 Double-Bit Axe
33:14 Town Watch
34:19 Fervor
39:31 Imperial Age
38:00 Caravan
40:52 Stone Mining
BIKO01
12:26 Feudal Age
14:19 Wheelbarrow
13:32 Double-Bit Axe
15:45 Stone Mining
15:47 Gold Mining
21:29 Fletching
21:42 Padded Archer Armor
25:13 Loom
27:51 Castle Age
31:44 Hand Cart
35:44 Crossbowman
PsykotiK Cookie
13:43 Feudal Age
15:16 Man-at-Arms
15:43 Arson
15:58 Double-Bit Axe
16:57 Wheelbarrow
16:30 Town Watch
rodo.moron
10:23 Loom
12:13 Feudal Age
13:22 Feudal Age
19:57 Castle Age
19:16 Forging
22:32 Arson
24:05 Double-Bit Axe
26:25 Horse Collar
27:23 Iron Casting
36:08 Fletching
36:19 Padded Archer Armor
38:14 Crossbowman
42:20 Thumb Ring
Connection lost

Rejoining the realm…

Still unreachable

The connection could not be restored.

Session expired

The server has moved on; the page needs a fresh start.